 Dungeon Crawl Stone Soup version 0.21-a0-91-ga5031da (webtiles) character file.

448 Ordine the Slasher (level 7, 0/49 HPs)
             Began as an Octopode Fighter on June 28, 2017.
             Slain by an ogre
             ... wielding a +0 giant club
              (19 damage)
             ... on level 4 of the Dungeon.
             The game lasted 00:09:45 (3406 turns).

Ordine the Slasher (Octopode Fighter)               Turns: 3406, Time: 00:09:46

Health: 0/49       AC:  1    Str: 16    XL:     7   Next: 4%
Magic:  7/7        EV: 12    Int: 10    God:
Gold:   182        SH:  9    Dex: 13    Spells: 6/6 levels left

rFire    . . .     SeeInvis .   a - +1 long sword
rCold    . . .     Gourm    .   b - +0 shield
rNeg     . . .     Faith    .   (helmet restricted)
rPois    .         Spirit   .   (no amulet)
rElec    .         Reflect  .   n - ring of loudness (curse)
rCorr    .         Harm     .   (no ring)
MR       .....                  (no ring)
Stlth    +.........             (no ring)
HPRegen  0.16/turn              (no ring)
MPRegen  0.10/turn              (no ring)
                                (no ring)
                                (no ring)

@: lethally poisoned (0 -> -2)
A: almost no armour, stealthy swim, amphibious, 8 rings, constrict 8, camouflage
1, gelatinous body 1
a: no special abilities


You were on level 4 of the Dungeon.
You were not hungry.

You visited 1 branch of the dungeon, and saw 4 of its levels.
You also visited: Sewer.

You collected 182 gold pieces.

Inventory:

Hand Weapons
 a - a +1 long sword (weapon)
 u - a +0 blowgun
Missiles
 r - 143 stones (quivered)
 t - 47 poisoned needles
Armour
 b - a +0 shield (worn)
Jewellery
 g - an uncursed ring of ice
 n - a cursed ring of loudness (left tentacle)
Scrolls
 e - 2 scrolls of recharging
 h - 3 scrolls of blinking
 i - a scroll of magic mapping
 o - a scroll of immolation
Potions
 c - a potion of invisibility {unknown}
 j - 7 potions of heal wounds
 m - a potion of brilliance
 p - a potion of resistance
 q - a potion of flight {unknown}
 v - a potion of might
 w - 6 potions of curing
 x - a potion of agility
Comestibles
 d - 3 bread rations
 f - 4 royal jellies
 k - 4 fruits
 l - a meat ration


   Skills:
 + Level 4.4 Fighting
 * Level 5.3 Long Blades
 - Level 3.0 Dodging
 + Level 4.7 Shields


You had 6 spell levels left.
You didn't know any spells.

Dungeon Overview and Level Annotations

Branches:
Dungeon (4/15)
 Temple: D:4-7

Altars:
Hepliaklqana
Nemelex Xobeh
Trog


Innate Abilities, Weirdness & Mutations

You cannot wear most types of armour.
You are very stealthy in the water. (Stealth+)
You are amphibious.
You can wear up to eight rings at the same time.
You can use your tentacles to constrict eight enemies at once.
Your skin changes colour to match your surroundings (Stealth+).
Your rubbery body absorbs attacks. (AC +1, EV +1)


Message History

You barely miss the worker ant. You grab the worker ant.
You squeeze the worker ant.
The worker ant is moderately wounded.
You constrict the worker ant. The worker ant closely misses you.
You hit the worker ant but do no damage.
You squeeze the worker ant!
The worker ant is severely wounded.
You constrict the worker ant. The worker ant bites you. x2
You are too injured to fight recklessly!
You hit the worker ant. You squeeze the worker ant.
You kill the worker ant!
You have reached level 7!
You feel sick.
You hit the ogre.
The ogre is moderately wounded.
You feel sick. The ogre closely misses you.
You barely miss the ogre. Your squeeze misses the ogre.
The ogre is moderately wounded.
The ogre hits you with a giant club!!
You die...

###########
##..........
#.###
####...#######.
....#
#....#........ #
#.#.#
#.##...#######.#
####.#.###
##.###....#.#
#.......# .#
#@###......#
#.##.#..##.#
#O##.......#
###.##.#..##.#
#..........#
..........##.#
####.......#
###.##.#..##.#
##..!...#
..........##.#
#.##.#.#
###..........#
#.# .#.#
#####......# #.#
.# #
#...##>#######.#
..


You could see an ogre.

Vanquished Creatures
  Sigmund (D:2)
  Jessica (D:2)
  A worker ant (D:4)
  4 adders
  5 river rats
  An ooze (D:1)
  4 dart slugs
  4 worms
  5 leopard geckos
  9 ball pythons
  7 bats
  6 giant cockroaches
  7 hobgoblins
  A jackal (D:1)
  25 kobolds
  A quokka (D:2)
  9 frilled lizards
  12 goblins
  27 rats
130 creatures vanquished.

Notes
Turn   | Place    | Note
-------+----------+-------------------------------------------
     0 | D:1      | Ordine the Octopode Fighter began the quest for the Orb.
     0 | D:1      | Reached XP level 1. HP: 16/16 MP: 1/1
   112 | D:1      | Reached XP level 2. HP: 21/21 MP: 2/2
   172 | D:1      | Reached XP level 3. HP: 17/26 MP: 3/3
   500 | D:2      | Noticed Jessica
   502 | D:2      | Found a sparkling altar of Nemelex Xobeh.
   509 | D:2      | Reached skill level 3 in Long Blades
   511 | D:2      | Killed Jessica
   511 | D:2      | Reached XP level 4. HP: 19/31 MP: 4/4
   763 | D:2      | Noticed Sigmund
   770 | D:2      | Killed Sigmund
   770 | D:2      | Reached skill level 4 in Long Blades
   770 | D:2      | Reached XP level 5. HP: 37/37 MP: 5/5
   770 | D:2      | Reached XP level 6. HP: 43/43 MP: 6/6
  1568 | D:3      | Found a hazy altar of Hepliaklqana.
  1618 | D:3      | Found a bloodstained altar of Trog.
  1874 | D:3      | Found a glowing drain.
  1880 | Sewer    | Entered a sewer
  1979 | Sewer    | Reached skill level 5 in Long Blades
  3402 | D:4      | Reached XP level 7. HP: 20/49 MP: 7/7
  3406 | D:4      | Slain by an ogre

Vault maps used:
D:1:      eino_arrival_water_star, minmay_crystal_water, minmay_hexomino_u4
D:2:      nemelex_xobeh_ov_fountains_minmay, grunt_ministairs_15, uniq_sigmund,
          uniq_jessica
D:3:      marbit_many_paths, gup_sewer_entry_bubbles, trog_book
D:4:      grunt_decor_fettered, serial_bayou_lagoon_a,
          minmay_goblin_kobold_house, uniq_edmund
Sewer:    sewer_minmay_treatment

Skill      XL: |  1  2  3  4  5  6 |
---------------+-------------------+-----
Long Blades    | 3 4 5 |  5.3
Fighting       | 4 |  4.4
Shields        | 4 |  4.7
Dodging        | |  3.0

Action                   |  1- 3 |  4- 6 |  7- 9 || total
-------------------------+-------+-------+-------++-------
Melee: Long sword        |    29 |   174 |     2 ||   205
       Constrict         |    13 |    55 |       ||    68
       Tentacles         |    10 |    32 |       ||    42
  Use: Scroll            |     8 |     7 |       ||    15
       Potion            |       |     1 |       ||     1
 Stab: Sleeping          |     1 |     1 |       ||     2
  Eat: Chunk             |       |     8 |       ||     8
Armor: Skin              |     1 |    13 |       ||    14
Dodge: Dodged            |    14 |    88 |     1 ||   103
Block: Shield            |    11 |    91 |       ||   102
       Rpst.: Long sword |     5 |    25 |       ||    30
